 Dungeon Crawl Stone Soup version 0.29-a0-1043-g569b05d6ff (webtiles) character file.

Game seed: 7897022648654206017

135184 Sabo the Severer (level 16, -12/133 HPs)
             Began as a Demonspawn Berserker on Aug 14, 2022.
             Was the Champion of Trog.
             Killed from afar by a nagaraja (35 damage)
             ... with a poison arrow
             ... on level 4 of the Snake Pit on Aug 15, 2022.
             The game lasted 02:38:12 (22294 turns).

Sabo the Severer (Demonspawn Berserker)            Turns: 22294, Time: 02:38:13

Health: -12/133    AC: 26    Str: 35    XL:     16   Next: 63%
Magic:  0/16       EV: 14    Int: 18    God:    Trog [******]
Gold:   1442       SH: 12    Dex: 19    Spells: 15/15 levels left

rFire   . . .      SeeInvis +   e - +14 obsidian axe {vorpal, Mesm Drain Fly SInv}
rCold   + + .      Faith    .   N - +2 kite shield {rC+}
rNeg    + + +      Spirit   +   Q - +2 acid dragon scales "Qokhikaf" {rC+ rCorr}
rPois   .          Reflect  .   v - +3 helmet of the Gazing Gods {rPois rN+ rCorr Int+4}
rElec   +          Harm     .   a - +0 cloak "Ystriolue" {*Slow Fly Str+4 Int+5}
rCorr   +          Rampage  ∞   (gloves unavailable)
Will    +....      Clarity  +   D - +3 pair of seven-league boots {Rampage+∞}
Stlth   +++++..... NoTele   +   G - amulet of Hirgheih {Spirit Drain +Blink rElec rN++}
HPRegen 1.12/turn               x - +6 ring of dexterity
MPRegen 0.15/turn               h - +6 ring of strength

@: lethally poisoned (-12 -> -37), weakened, untranslocatable, poison
vulnerable, sanguine armoured, flying, mesmerised, constricted
A: claws 3, demonic guardian 2, sanguine armour 1, demonic magic 3, clarity,
regeneration 1, wild magic 1
a: Renounce Religion, Evoke Blink, Berserk, Trog's Hand, Brothers in Arms


You were on level 4 of the Snake Pit.
You worshipped Trog.
Trog was exalted by your worship.
You visited 4 branches of the dungeon, and saw 19 of its levels.
You also visited: Bailey, Gauntlet and Ice Cave.

You collected 1442 gold pieces.

Inventory:

Hand Weapons
 e - the +14 obsidian axe (weapon) {vorpal, Mesm Drain Fly SInv}
   (You acquired it on level 3 of the Dungeon)

   It inflicts extra damage upon your enemies.
   It occasionally summons demons to assist the wielder when it strikes in
   combat.
   Its wielder is mesmerised by any visible foes.
   It cannot be unequipped while any foes are visible.
   SInv:      It lets you see invisible.
   Fly:       It grants you flight.
   Drain:     It drains your maximum health when unequipped.
 f - the +9 sword of Zonguldrok {reap}
   (You found it in a Gauntlet)

   Any living foe damaged by it may be reanimated upon death as a zombie
   friendly to the wielder, with an increasing chance as more damage is dealt.
 m - the +4 war axe "Haucvoh" {vorpal, Fly rElec rPois rF+ Dex-4}
   (You found it on level 4 of the Snake Pit)

   It inflicts extra damage upon your enemies.
   Dex:       It affects your dexterity (-4).
   rF:        It protects you from fire.
   rElec:     It insulates you from electricity.
   rPois:     It protects you from poison.
   Fly:       It grants you flight.
 q - the +2 battleaxe of Scorn {flame, Str+3 Stlth+}
   (Trog gifted it to you on level 3 of the Lair of Beasts)

   It burns those it strikes, dealing additional fire damage.
   Big, fiery blades are also staple armaments of hydra-hunters.
   Str:       It affects your strength (+3).
   Stlth:     It makes you more stealthy.
 y - a +8 bardiche of flaming
 L - a +3 scythe of freezing
 O - a +5 battleaxe of freezing
 S - the +10 trident "Qaeleq" {elec, +Blink rCorr Dex-4}
   (You found it on level 5 of the Lair of Beasts)

   It occasionally discharges a powerful burst of electricity upon striking a
   foe.
   Dex:       It affects your dexterity (-4).
   +Blink:    It lets you blink.
   rCorr:     It protects you from acid and corrosion.
 U - a +2 vorpal war axe
Missiles
 i - 7 silver javelins (quivered)
 H - 16 poisoned darts
Armour
 a - the +0 cloak "Ystriolue" (worn) {*Slow Fly Str+4 Int+5}
   (You acquired it on level 3 of the Snake Pit)

   Str:       It affects your strength (+4).
   Int:       It affects your intelligence (+5).
   Fly:       It grants you flight.
   *Slow:     It may slow you when you take damage.
 v - the +3 helmet of the Gazing Gods (worn) {rPois rN+ rCorr Int+4}
   (You found it in a Gauntlet)

   Int:       It affects your intelligence (+4).
   rPois:     It protects you from poison.
   rN:        It protects you from negative energy.
   rCorr:     It protects you from acid and corrosion.
 D - the +3 pair of seven-league boots (worn) {Rampage+∞}
   (You acquired it on level 3 of the Snake Pit)

   Its wearer moves as far as possible in that direction when moving towards
   enemies.
 N - a +2 kite shield of cold resistance (worn)
 Q - the +2 acid dragon scales "Qokhikaf" (worn) {rC+ rCorr}
   (You found it on level 5 of the Lair of Beasts)

   rC:        It protects you from cold.
   rCorr:     It protects you from acid and corrosion.
Jewellery
 h - a +6 ring of strength (right claw)
 u - a ring of protection from cold
 x - a +6 ring of dexterity (left claw)
 G - the amulet of Hirgheih (around neck) {Spirit Drain +Blink rElec rN++}
   (You found it on level 6 of the Dungeon)

   [amulet of guardian spirit]

   It causes incoming damage to be divided between your reserves of health and
   magic.
   rElec:     It insulates you from electricity.
   rN:        It greatly protects you from negative energy.
   +Blink:    It lets you blink.
   Drain:     It drains your maximum health when unequipped.
 V - an amulet of regeneration
Wands
 l - a wand of flame (55)
 n - a wand of iceblast (18)
 r - a wand of paralysis (11)
 t - a wand of polymorph (4)
 C - a wand of mindburst (35)
 J - a wand of quicksilver (9)
Scrolls
 b - 5 scrolls of blinking
 g - 14 scrolls of teleportation
 s - 2 scrolls of fog
 F - a scroll of enchant armour {unknown}
 I - a scroll of fear
 K - a scroll of poison
 P - a scroll of summoning
Potions
 c - 2 potions of attraction {unknown}
 d - 3 potions of cancellation
 j - 9 potions of curing
 k - 2 potions of heal wounds
 o - 2 potions of brilliance {unknown}
 p - a potion of berserk rage {unknown}
 w - 3 potions of lignification {unknown}
 z - 3 potions of flight {unknown}
 A - 3 potions of might
 B - 7 potions of invisibility
 E - 2 potions of resistance {unknown}
 T - 2 potions of haste
Miscellaneous
 M - a tin of tremorstones (2/2)
 R - a piece from Xom's chessboard (15/15)


   Skills:
 + Level 14.0 Fighting
 + Level 18.3 Axes
 + Level 1.6(12.1) Polearms
 + Level 1.6 Throwing
 + Level 7.8 Armour
 + Level 10.2 Dodging
 + Level 12.6 Stealth
 + Level 5.0 Shields


You had 15 spell levels left.
You didn't know any spells.
Your spell library was empty.

Dungeon Overview and Level Annotations

Branches:
Dungeon (9/15)             Temple (0/1) D:6            Lair (5/5) D:9
  Swamp (0/4) Lair:2        Snake (4/4) Lair:2        Slime (1/5) Lair:5
 Bailey (visited)           IceCv (visited)         Gauntlet (visited)
    Orc: D:9-12

Altars:
Ashenzari
Cheibriados
Fedhas
Gozag
Qazlal
Ru
Vehumet
Wu Jian
Yredelemnul

Shops:
D:5 (   D:8 [   Snake:2 *

Annotations:
Snake:2 3 runed translucent doors, exclusion: obsidian statue, Valamore's ghost, adept FoFi


Innate Abilities, Weirdness & Mutations

You have claws for hands.
A demonic guardian rushes to your aid.
When seriously injured, your blood forms armour. (AC +6)
Spells you cast and wands you use may paralyse nearby enemies.
You possess an exceptional clarity of mind.
Your natural rate of healing is unusually fast.
Your spells are a little harder to cast, but a little more powerful.


Message History

The guardian serpent casts a spell at you.
You easily resist.
You block the nagaraja's attack.
The salamander tyrant gazes fiercely through you!
You feel your attacks grow feeble.
The salamander tyrant hits you but does no damage.
The salamander mystic hits your soul eater but does no damage.
You block the nagaraja's attack.
The naga warrior hits you with a +0 halberd!!
* * * LOW HITPOINT WARNING * * *
A demonic guardian appears!
The anaconda bites your soul eater but does no damage.
The anaconda constricts you.
The nagaraja mumbles some strange words.
The nagaraja seems to speed up.
A naga warrior comes into view. It is wielding a +0 battleaxe.
A naga sharpshooter comes into view. It is wielding a +0 scimitar.
The nagaraja spits poison at you. You block the splash of poison.
Your soul eater draws from the surrounding life force!
Your soul eater is healed.
You block the nagaraja's attack.
The naga sharpshooter gestures wildly while chanting.
The naga sharpshooter magically shoots an arrow.
The arrow hits you!
* * * LOW HITPOINT WARNING * * *
You hear a shout!
You feel much better.
Visions of slaying the naga warrior flood into your mind.
The anaconda bites your soul eater. The anaconda constricts you.
The naga warrior barely misses you.
The salamander tyrant closely misses you.
The salamander mystic hits your soul eater but does no damage.
The nagaraja spits poison at you. The splash of poison hits you!
You are poisoned.
* * * LOW HITPOINT WARNING * * *
The nagaraja points at you and mumbles some strange words.
The poison arrow hits you!!
You are lethally poisoned!
You die...

..####..#...)†########,,,,,*,,,,*
..# #..#....###,,,,,,,,,,,*,,,,,
..# ##.##.....####,,,,,,,,**,,,,
..# #..##.......##,,,,,,,*,,,,,
..# ##...##.......#,,,,,,,*,,,,,
..####.....####...##,,,,,,,*,,,,,
..##.......###4....###,,,,,*,,,,,
..........##...NSN...##,,,,****,*
###.......#....3@N....#,,,,,,,***
..##....###...NNSN...$#*,,,,,,,,,
...#...###...)84..8....#,,,,,,,,,
....).##*#.⌠.........⌠.#*,,,,,,,,
..#....#*.....8...8.....*,,,,,,,,
.#.#...##......NN.......*,,,,,,,,
#...#...#....N8N..8.....*,,****,,
.#.#....#..NN.......⌠...**** ***
..#.....#,,,,,8,,,8,,,,,* *


You could see 5 nagarajas, 2 naga warriors, 3 naga sharpshooters, a salamander
tyrant, a salamander mystic (distracted, drained), an anaconda (distracted, ally
target), a guardian serpent (ally target), a friendly soul eater (summoned), a
friendly hellwing (summoned, poisoned, slow) and a friendly rust devil
(summoned).

Vanquished Creatures
  Jorgrun (Snake:3)
  An acid blob (Slime:1)
  Kirke (Snake:2)
  5 nagarajas
  A reaper (IceCv)
  Aizul (Snake:1)
  A dire elephant (Lair:5)
  A minotaur (Gauntlet)
  2 hydras
  Fannar (Lair:3)
  A merfolk avatar (Lair:5)
  Erica (D:8)
  9 anacondas
  10 death yaks
  11 naga warriors
  Urug (Lair:3)
  8 shock serpents
  9 naga sharpshooters
  3 salamander mystics
  A sixfirhy (Gauntlet)
  4 spriggan simulacra (IceCv)
  8 naga ritualists
  2 bog bodies
  2 necromancers (Gauntlet)
  9 mana vipers
  10 salamanders
  2 elephants
  11 naga magi
  5 guardian serpents
  40 black mambas
  4 cane toads
  A gargoyle (D:8)
  2 rime drakes
  Maggie (D:7)
  An anaconda simulacrum (IceCv)
  8 komodo dragons
  6 freezing wraiths (IceCv)
  2 ice devils (IceCv)
  2 polar bears
  11 blink frogs
  Prince Ribbit (Lair:2)
  5 slime creatures
  A snapping turtle (Lair:5)
  2 wyverns
  2 dire elephant simulacra (IceCv)
  A hog (Snake:2)
  2 basilisks
  A wraith (D:9)
  5 golden eyes (Slime:1)
  24 yaks
  A steam dragon (D:6)
  3 minotaur simulacra (IceCv)
  A vampire mosquito (D:8)
  36 nagas
  2 acid dragons (D:8)
  A harpy simulacrum (IceCv)
  A hydra simulacrum (IceCv)
  10 water moccasins
  3 sky beasts
  An ice beast (D:7)
  3 orc warriors
  3 black bears
  11 wolves
  3 centaurs
  A phantom (D:5)
  A gnoll sergeant (D:6)
  2 bullfrogs (Lair:4)
  A necrophage (D:7)
  A deep troll simulacrum (IceCv)
  2 scorpions
  15 wights
  18 killer bees
  2 lindwurm simulacra (IceCv)
  7 howler monkeys
  2 hounds
  2 gnoll boudas
  A jelly (Lair:5)
  5 orc priests
  2 iguanas (D:5)
  7 orc wizards
  4 hell rats (Lair:5)
  3 adders
  16 gnolls
  A shadow imp (D:5)
  A white imp (D:6)
  5 ufetubi
  4 dart slugs
  25 orcs
  3 bats
  5 endoplasms
  2 giant cockroaches
  6 goblins
  7 hobgoblins
  4 jackals (D:2)
  4 quokkas
  8 ball pythons
  2 frilled lizards
  2 kobolds
  4 rats
498 creatures vanquished.

Vanquished Creatures (collateral kills)
  A nagaraja (Snake:4)
  A reaper (IceCv)
  3 hydras
  3 anacondas
  4 naga warriors (Snake:4)
  A shock serpent (Snake:3)
  A salamander mystic (Snake:3)
  2 sea snakes (Lair:5)
  A bog body (Lair:2)
  A spriggan simulacrum (IceCv)
  A naga ritualist (Snake:2)
  A mana viper (Snake:2)
  An orc knight (Bailey)
  2 salamanders
  2 elephants (Lair:4)
  A manticore (Lair:5)
  A guardian serpent (Snake:2)
  Joseph (D:7)
  6 black mambas
  7 naga magi
  4 cane toads
  4 komodo dragons
  2 rime drakes
  A golden dragon simulacrum (IceCv)
  An ice devil (IceCv)
  2 wind drakes (Lair:5)
  A slime creature (Slime:1)
  5 blink frogs
  15 yaks
  A wyvern (Lair:5)
  A basilisk (Lair:2)
  A steam dragon (Lair:5)
  8 nagas
  3 water moccasins
  An alligator simulacrum (IceCv)
  A sky beast (D:8)
  A black bear (Lair:4)
  5 wolves
  4 bullfrogs
  A scorpion (D:5)
  2 wights
  A killer bee (D:7)
  2 jellies (Lair:5)
  A hound (D:5)
  An orc priest (D:7)
  A hell rat (Lair:5)
  2 orc wizards (D:8)
  A mummy (D:8)
  5 gnolls
  An adder (D:4)
  15 orcs
  An endoplasm (D:4)
  2 butterflies (Lair:2)
  A fungus (Lair:5)
139 creatures vanquished.

Vanquished Creatures (others)
  2 humans (Snake:2)
  44 fungi
  66 plants
112 creatures vanquished.

Grand Total: 749 creatures vanquished

Notes
Turn   | Place    | Note
-------+----------+-------------------------------------------
     0 | D:1      | Sabo the Demonspawn Berserker began the quest for the Orb.
     0 | D:1      | Reached XP level 1. HP: 18/18 MP: 1/1
   628 | D:1      | Gained mutation: Spells you cast may paralyse adjacent
                  | enemies. [demonic ancestry]
   628 | D:1      | Reached XP level 2. HP: 18/24 MP: 2/2
   655 | D:1      | Reached skill level 3 in Axes
  2144 | D:2      | Gained mutation: When seriously injured, your blood forms
                  | armour. (AC +6) [demonic ancestry]
  2144 | D:2      | Reached XP level 3. HP: 29/29 MP: 3/3
  3309 | D:2      | Identified a scroll of acquirement
  3367 | D:3      | Acquired the +14 obsidian axe {vorpal, Mesm Drain Fly SInv}
  3367 | D:3      | Found the +14 obsidian axe {vorpal, Mesm Drain Fly SInv}
  3384 | D:3      | Reached XP level 4. HP: 37/37 MP: 4/4
  3676 | D:3      | Found a faded altar of an unknown god.
  3936 | D:3      | Found an ornate altar of the Wu Jian Council.
  3936 | D:3      | Noticed a scorpion
  3941 | D:3      | Killed a scorpion
  3942 | D:3      | Reached skill level 1 in Stealth
  4218 | D:4      | Gained mutation: You have sharp fingernails. [demonic
                  | ancestry]
  4218 | D:4      | Reached XP level 5. HP: 40/42 MP: 5/5
  4350 | D:4      | Found a blossoming altar of Fedhas.
  4449 | D:4      | Found a sacrificial altar of Ru.
  4578 | D:4      | Reached skill level 4 in Axes
  4597 | D:4      | Gained mutation: A weak demonic guardian rushes to your
                  | aid. [demonic ancestry]
  4597 | D:4      | Reached XP level 6. HP: 44/48 MP: 6/6
  4892 | D:4      | Reached ** piety under Trog
  4892 | D:4      | Noticed a neqoxec
  4893 | D:4      | Gained mutation: You have hidden genetic potential. [a
                  | neqoxec]
  4952 | D:4      | Reached skill level 1 in Polearms
  5160 | D:5      | Entered Level 5 of the Dungeon
  5435 | D:5      | Reached skill level 5 in Axes
  5435 | D:5      | Gained mutation: You have very sharp fingernails. [demonic
                  | ancestry]
  5435 | D:5      | Reached XP level 7. HP: 55/55 MP: 7/7
  5437 | D:5      | Gained mutation: You have a somewhat thin skeletal
                  | structure. (Dex +2, Stealth+) [hidden potential]
  6145 | D:5      | Found Mafetab's Antique Weapon Emporium.
  6250 | D:5      | Found a basalt altar of Yredelemnul.
  6676 | D:6      | Noticed a steam dragon
  6683 | D:6      | Killed a steam dragon
  6871 | D:6      | Reached XP level 8. HP: 61/61 MP: 8/8
  6924 | D:6      | Reached skill level 6 in Axes
  6971 | D:6      | Reached skill level 5 in Fighting
  6972 | D:6      | Gained mutation: A frigid envelope surrounds you and
                  | freezes all who hurt you. [hidden potential]
  6972 | D:6      | Lost mutation: You have hidden genetic potential. [hidden
                  | potential expressed]
  7352 | D:6      | Reached skill level 7 in Axes
  7452 | D:6      | Found a staircase to the Ecumenical Temple.
  7493 | D:6      | Identified the amulet of Hirgheih {Spirit Drain +Blink
                  | rElec rN++}
  7693 | D:7      | Found a broken altar of Ashenzari.
  7773 | D:7      | Reached *** piety under Trog
  7779 | D:7      | Found a stormy altar of Qazlal.
  7796 | D:7      | Noticed Maggie
  7805 | D:7      | Killed Maggie
  7806 | D:7      | Reached XP level 9. HP: 69/69 MP: 9/9
  7850 | D:7      | Found a radiant altar of Vehumet.
  7960 | D:7      | Found an opulent altar of Gozag.
  7981 | D:7      | Noticed Joseph
  7994 | D:7      | Killed Joseph
  7995 | D:7      | Reached skill level 8 in Axes
  8171 | D:7      | Found a flagged portal.
  8195 | Bailey   | Entered a bailey
  8593 | Bailey   | Noticed an orc knight
  8599 | Bailey   | Killed an orc knight
  8600 | Bailey   | Reached skill level 9 in Axes
  8600 | Bailey   | Reached skill level 5 in Stealth
  9190 | D:7      | Reached skill level 10 in Axes
  9190 | D:7      | Reached skill level 5 in Armour
  9190 | D:7      | Gained mutation: Spells you cast may paralyse nearby
                  | enemies. [demonic ancestry]
  9190 | D:7      | Reached XP level 10. HP: 79/79 MP: 10/10
  9328 | D:8      | Found Jedomow's Armour Shop.
  9356 | D:8      | Reached **** piety under Trog
  9504 | D:8      | Gained mutation: A demonic guardian rushes to your aid.
                  | [demonic ancestry]
  9504 | D:8      | Reached XP level 11. HP: 84/84 MP: 11/11
  9519 | D:8      | Noticed Erica
  9528 | D:8      | Killed Erica
 10277 | D:8      | Found a snail-covered altar of Cheibriados.
 10441 | D:8      | Lost mutation: You have a somewhat thin skeletal structure.
                  | (Dex +2, Stealth+) [potion of mutation]
 10441 | D:8      | Lost mutation: A frigid envelope surrounds you and freezes
                  | all who hurt you. [potion of mutation]
 10441 | D:8      | Gained mutation: Your spells are a little harder to cast,
                  | but a little more powerful. [potion of mutation]
 10441 | D:8      | Gained mutation: You possess an exceptional clarity of
                  | mind. [potion of mutation]
 10441 | D:8      | Gained mutation: Your natural rate of healing is unusually
                  | fast. [potion of mutation]
 10458 | D:9      | Reached skill level 11 in Axes
 10634 | D:9      | Found a staircase to the Lair.
 10634 | D:9      | Noticed a death yak
 10670 | D:9      | Reached ***** piety under Trog
 10678 | D:9      | Killed a death yak
 11014 | D:9      | Received a gift from Trog
 11326 | Lair:1   | Entered Level 1 of the Lair of Beasts
 11427 | Lair:1   | Reached skill level 12 in Axes
 11549 | Lair:1   | Reached XP level 12. HP: 88/94 MP: 10/12
 12071 | Lair:1   | Noticed a five-headed hydra
 12086 | Lair:1   | Killed a 13-headed hydra
 12515 | Lair:2   | Found a staircase to the Swamp.
 12524 | Lair:2   | Reached skill level 1 in Throwing
 12701 | Lair:2   | Noticed a five-headed hydra
 12706 | Lair:2   | Killed a five-headed hydra
 12726 | Lair:2   | Noticed Prince Ribbit
 12732 | Lair:2   | Killed Prince Ribbit
 12767 | Lair:2   | Reached skill level 13 in Axes
 12872 | Lair:2   | Found a gate leading to a gauntlet.
 12884 | Gauntlet | Entered a Gauntlet
 12884 | Gauntlet | Found a transporter.
 12884 | Gauntlet | Found a transporter.
 12886 | Gauntlet | Found the +9 sword of Zonguldrok {reap}
 12888 | Gauntlet | Found a transporter.
 12892 | Gauntlet | Found a transporter.
 12892 | Gauntlet | Found a transporter.
 12914 | Gauntlet | Found a transporter.
 12930 | Gauntlet | Found a transporter.
 12930 | Gauntlet | Found a transporter.
 12937 | Gauntlet | Noticed a dire elephant
 12938 | Gauntlet | Found a transporter.
 12954 | Gauntlet | Noticed a death yak
 12955 | Gauntlet | Found a transporter.
 12955 | Gauntlet | Noticed a death yak
 12955 | Gauntlet | Noticed a death yak
 12957 | Gauntlet | Noticed a death yak
 12970 | Gauntlet | Found a transporter.
 12974 | Gauntlet | Found a transporter.
 13075 | Gauntlet | Found a runed translucent door.
 13103 | Gauntlet | Identified the +3 helmet of the Gazing Gods {rPois rN+
                  | rCorr Int+4}
 13124 | Gauntlet | Killed a death yak
 13127 | Gauntlet | Killed a death yak
 13134 | Gauntlet | Killed a death yak
 13136 | Gauntlet | Killed a death yak
 13235 | Gauntlet | Noticed a minotaur
 13245 | Gauntlet | Killed a minotaur
 13583 | Lair:2   | Found a staircase to the Snake Pit.
 14123 | Lair:3   | Noticed Fannar
 14272 | Lair:3   | Identified the +2 battleaxe of Scorn {flame, Str+3 Stlth+}
                  | (Trog gifted it to you on level 3 of the Lair of Beasts)
 14272 | Lair:3   | Received a gift from Trog
 14273 | Lair:3   | Gained mutation: Spells you cast and wands you use may
                  | paralyse nearby enemies. [demonic ancestry]
 14273 | Lair:3   | Reached XP level 13. HP: 103/103 MP: 13/13
 14348 | Lair:3   | Killed Fannar
 14349 | Lair:3   | Reached skill level 10 in Fighting
 14620 | Lair:3   | Noticed Urug
 14631 | Lair:3   | Killed Urug
 14632 | Lair:3   | Reached skill level 14 in Axes
 15635 | Lair:5   | Entered Level 5 of the Lair of Beasts
 15744 | Lair:5   | Reached skill level 10 in Stealth
 15947 | Lair:5   | Found a staircase to the Slime Pits.
 15994 | Lair:5   | Noticed a dire elephant
 16001 | Lair:5   | Killed a dire elephant
 16001 | Lair:5   | Received a gift from Trog
 16009 | Lair:5   | Reached skill level 15 in Axes
 16067 | Lair:5   | Identified the +2 acid dragon scales "Qokhikaf" {rC+ rCorr}
 16125 | Lair:5   | Gained mutation: You have claws for hands. [demonic
                  | ancestry]
 16125 | Lair:5   | Reached XP level 14. HP: 81/111 MP: 7/14
 16174 | Lair:5   | Identified the +10 trident "Qaeleq" {elec, +Blink rCorr
                  | Dex-4}
 16896 | Slime:1  | Entered Level 1 of the Pits of Slime
 16896 | Slime:1  | Noticed an acid blob
 16904 | Slime:1  | Killed an acid blob
 17359 | Snake:1  | Entered Level 1 of the Snake Pit
 17528 | Snake:1  | Noticed Aizul
 17538 | Snake:1  | Killed Aizul
 17672 | Snake:1  | Reached skill level 16 in Axes
 17712 | Snake:1  | Received a gift from Trog
 18458 | Snake:2  | Reached XP level 15. HP: 98/121 MP: 11/15
 18491 | Snake:2  | Noticed Kirke
 18503 | Snake:2  | Killed Kirke
 18532 | Snake:2  | Reached skill level 1 in Shields
 18839 | Snake:2  | Noticed a nagaraja
 18848 | Snake:2  | Killed a nagaraja
 19034 | Snake:2  | Found a runed translucent gate.
 19034 | Snake:2  | Found an opulent altar of Gozag.
 19035 | Snake:2  | Found a runed translucent gate.
 19035 | Snake:2  | Found a runed translucent gate.
 19037 | Snake:2  | Noticed Valamore's ghost (adept FoFi)
 19039 | Snake:2  | Found Efrexas's Assorted Antiques.
 19302 | Snake:3  | Reached skill level 17 in Axes
 19531 | Snake:3  | Reached ****** piety under Trog
 19531 | Snake:3  | Received a gift from Trog
 19918 | Snake:3  | Noticed a nagaraja
 19922 | Snake:3  | Killed a nagaraja
 19964 | Snake:3  | Noticed Jorgrun
 19982 | Snake:3  | Killed Jorgrun
 20356 | Snake:3  | Acquired the +0 cloak "Ystriolue" {*Slow Fly Str+4 Int+5}
 20375 | Snake:3  | Acquired the +3 pair of seven-league boots {Rampage+∞}
 20375 | Snake:3  | Found the +3 pair of seven-league boots {Rampage+∞}
 20882 | Snake:4  | Entered Level 4 of the Snake Pit
 20883 | Snake:4  | Received a gift from Trog
 20889 | Snake:4  | Identified the +4 war axe "Haucvoh" {vorpal, Fly rElec
                  | rPois rF+ Dex-4}
 20958 | Snake:4  | Reached XP level 16. HP: 131/131 MP: 9/16
 21054 | Snake:4  | Found a frozen archway.
 21071 | IceCv    | Entered an ice cave
 21116 | IceCv    | Upgraded the game from 0.29-a0-1033-gb6c65ffae6 to
                  | 0.29-a0-1043-g569b05d6ff
 21258 | IceCv    | Reached skill level 18 in Axes
 21773 | Snake:4  | Reached skill level 10 in Dodging
 22127 | Snake:4  | Received a gift from Trog
 22291 | Snake:4  | Reached skill level 5 in Shields
 22294 | Snake:4  | Killed from afar by a nagaraja

Illustrated notes

Levels and vault maps discovered:
D:1:      spicycebolla_green_bress_n_ham, layout_basic
D:2:      layout_basic, kennysheep_generic_room_7
D:3:      layout_rooms, nicolae_wu_jian_wuxing_cycle,
          shapermc_ecumenical_altar_mp_ritualfount, hangedman_decor_points
D:4:      layout_basic, fedhas_altar_3, amcnicky_altar_gilded,
          nicolae_overflow_hidden_temple
D:5:      layout_cave_pods, lemuel_round_altar, serial_shops,
          nicolae_shop_overgrown_old_shop, nicolae_fountain_basement
D:6:      layout_loops_cross, minmay_temple_entry_tees
D:7:      layout_rooms, grunt_temple_overflow_gold_and_silver,
          ashenzari_conservatory_becter, nicolae_overflow_crystal_walls,
          grunt_qazlal_sundering, enter_bailey_4, ebering_dispersal_statue_hall,
          kennysheep_generic_room_12, uniq_joseph, uniq_maggie
D:8:      layout_loops_ring, slow_altar_2, serial_shops, shop_fountains,
          minmay_small_thing, uniq_erica
D:9:      layout_small_grid, david_lair_generic
Lair:1:   layout_cave_pods, minivault_24, serial_bayou_shore_a,
          grunt_megastairs_4
Lair:2:   layout_cave_pods, skrybe_swamp_entry_bodies,
          minmay_snake_entry_guardpost_small, gauntlet_entry_generic,
          lemuel_fruit_fields, uniq_prince_ribbit2
Lair:3:   layout_chaotic_city, grunt_megastairs_2, uniq_urug, uniq_fannar
Lair:4:   layout_loops_ring
Lair:5:   gammafunk_lair_ancient_temple, layout_small_grid,
          minmay_slime_entry_pillars
Snake:1:  layout_misc_corridors, serial_bayou_shore_b, serial_bayou_shore_b,
          uniq_aizul
Snake:2:  layout_gridlike, ebering_ghost_gozag, st_stairs_4, uniq_kirke
Snake:3:  nrook_guardian_serpent_snake_passage, layout_basic,
          nicolae_snake_snakewalk, nicolae_triple_integral, uniq_jorgrun
Snake:4:  grunt_snake_rune_serpentine_throne, layout_cave_town,
          portal_ice_cave_entry_pillars_2, st_stairs_6, grunt_megastairs_1
Slime:1:  cheibrodos_slime_lost_civilization_3, layout_caves

Skill      XL: |  1  2  3  4  5  6  7  8  9 10 11 12 13 14 15 16 |
---------------+-------------------------------------------------+-----
Axes           | 3 4 5 7 10 12 13 15 16 17 18 | 18.3
Dodging        | 2 3 6 7 8 9 10 | 10.2
Stealth        | 1 2 3 7 8 9 10 11 12 | 12.6
Fighting       | 4 5 7 8 9 10 12 13 14 | 14.0
Armour         | 2 4 5 6 7 |  7.8
Polearms       | 1 |  1.6
Throwing       | 1 |  1.6
Shields        | 3 5 |  5.0

Action                   |  1- 3 |  4- 6 |  7- 9 | 10-12 | 13-15 | 16-18 || total
-------------------------+-------+-------+-------+-------+-------+-------++-------
Melee: Hand axe          |    97 |       |       |       |       |       ||    97
       Spear             |     8 |       |       |       |       |       ||     8
       Broad axe         |     1 |    49 |    95 |   228 |   576 |   165 ||  1114
       Punch             |       |       |     1 |     4 |     7 |       ||    12
Throw: Boomerang         |     9 |     3 |       |       |       |     4 ||    16
       Javelin           |       |       |       |     4 |       |       ||     4
Invok: Berserk           |       |       |     1 |     1 |       |     1 ||     3
  Use: Scroll            |     3 |     3 |     3 |    11 |     8 |       ||    28
       Potion            |       |       |     3 |     2 |     2 |     4 ||    11
 Stab: Sleeping          |     2 |       |    12 |    12 |    35 |     5 ||    66
       Distracted        |     1 |       |     3 |     1 |    14 |     3 ||    22
Armor: Animal skin       |    20 |       |       |       |       |       ||    20
       Scale mail        |       |    17 |    11 |       |       |       ||    28
       Steam dragon scal |       |       |    15 |       |       |       ||    15
       Skin              |       |       |     7 |       |       |       ||     7
       Acid dragon scale |       |       |       |    95 |   180 |    59 ||   334
Dodge: Dodged            |    99 |    37 |    97 |   221 |   323 |    87 ||   864
Block: Kite shield       |       |       |       |       |   102 |    86 ||   188
       Reflection        |       |       |       |       |     4 |       ||     4

Table legend: (Time is in decaauts)
 A = Elapsed time spent in this place.
 B = Non-inter-level travel time spent in this place.
 C = Inter-level travel time spent in this place.
 D = Time resting spent in this place.
 E = Time spent auto-exploring this place.
 F = Levels seen in this place.
 G = Mean time per level.
                   A        B        C        D        E       F      G
               +--------+--------+--------+--------+--------+-----+--------+
         Total |  22344 |  22344 |      0 |   5269 |      0 |  22 | 1015.6 |
       Dungeon |  10685 |  10685 |      0 |   2917 |      0 |   9 | 1187.2 |
          Lair |   5190 |   5190 |      0 |    544 |      0 |   5 | 1038.0 |
     Snake Pit |   4474 |   4474 |      0 |   1100 |      0 |   4 | 1118.5 |
    Slime Pits |    202 |    202 |      0 |     70 |      0 |   1 |  202.0 |
        Bailey |    714 |    714 |      0 |    412 |      0 |   1 |  714.0 |
      Ice Cave |    443 |    443 |      0 |     91 |      0 |   1 |  443.0 |
      Gauntlet |    634 |    634 |      0 |    134 |      0 |   1 |  634.0 |
               +--------+--------+--------+--------+--------+-----+--------+

Top non-repeatable levels by time:
     D:1: 1938 daAuts
 Snake:3: 1604 daAuts
     D:5: 1440 daAuts
     D:2: 1390 daAuts
  Lair:5: 1313 daAuts
  Lair:1: 1193 daAuts
     D:8: 1123 daAuts
     D:6: 1091 daAuts
 Snake:2: 1043 daAuts
  Lair:2: 1013 daAuts
 Snake:4: 975 daAuts
     D:4: 965 daAuts
     D:7: 956 daAuts
     D:3: 897 daAuts
  Lair:4: 888 daAuts
